 Dungeon Crawl Stone Soup version 0.29.1-2-gbd0b4ee654 (webtiles) character file.

Game seed: 3426776114353348522

537 croobank the Conjurer (level 7, -2/52 HPs)
             Began as a Demonspawn Conjurer on Nov 8, 2022.
             Slain by a black bear (9 damage)
             ... on level 5 of the Dungeon.
             The game lasted 00:14:57 (4648 turns).

croobank the Conjurer (Demonspawn Conjurer)         Turns: 4648, Time: 00:14:58

Health: -2/52      AC:  2    Str:  7    XL:     7   Next: 5%
Magic:  4/12       EV: 13    Int: 21    God:
Gold:   157        SH:  0    Dex: 12    Spells: 7/13 levels left

rFire   . . .      SeeInvis .   c - +0 spear
rCold   . . .      Faith    .   (no shield)
rNeg    . . .      Spirit   .   a - +0 robe
rPois   .          Reflect  .   (no helmet)
rElec   .          Harm     .   (no cloak)
rCorr   .          Rampage  .   (no gloves)
Will    .....                   (no boots)
Stlth   ++........              (no amulet)
HPRegen 0.17/turn               (no ring)
MPRegen 0.13/turn               (no ring)

@: mighty
A: powered by death 3, powered by pain 1
a: no special abilities


You were on level 5 of the Dungeon.
You visited 1 branch of the dungeon, and saw 5 of its levels.

You collected 157 gold pieces.

Inventory:

Hand Weapons
 c - a +0 spear (weapon)
Missiles
 f - 4 javelins
 m - 2 poisoned darts (quivered)
Armour
 a - a +0 robe (worn)
 l - a +0 leather armour
Wands
 g - a wand of flame (22)
Scrolls
 e - a scroll of poison
 i - 2 scrolls of identify
 o - a scroll of teleportation
Potions
 b - a potion of brilliance
 d - 3 potions of attraction
 h - 2 potions of flight


   Skills:
 + Level 3.0 Fighting
 + Level 3.4 Dodging
 + Level 3.6 Stealth
 + Level 3.5 Spellcasting
 + Level 5.2 Conjurations


You had 7 spell levels left.
You knew the following spells:

 Your Spells              Type           Power      Damage    Failure   Level
a - Magic Dart            Conj           100%       1d8       1%          1
b - Searing Ray           Conj           50%        2d6       2%          2
c - Dazzling Flash        Conj/Hex       28%        N/A       13%         3

Your spell library contained the following spells:

 Spells                   Type           Power      Damage    Failure   Level
 Fulminant Prism          Conj/Hex       7%         3d7       38%         4
 Iskenderun's Mystic Bla  Conj/Tloc      14%        2d5       38%         4


Dungeon Overview and Level Annotations

Branches:
Dungeon (5/15)
 Temple: D:4-7

Altars:

Shops:
D:1 (

Annotations:
D:2 Sigmund


Innate Abilities, Weirdness & Mutations

You regenerate a lot of health from kills.
You sometimes gain a little power by taking damage.


Message History

The magic dart hits the black bear.
The black bear is moderately wounded.
Something hits you.
Casting: Magic Dart (safe; 1% risk of failure)
Confirm with . or Enter, or press ? or * to list all spells.
Aiming: Searing Ray (safe; 2% risk of failure)
Press: ? - help, Shift-Dir - straight line, f/p - black bear
Aim: a black bear (moderately wounded, 85% to hit)
The searing ray hits the black bear.
The black bear is heavily wounded. (Press . to maintain the ray.)
Something hits you.
The searing ray hits the black bear!
The black bear is severely wounded.
Something barely misses you.
The searing ray hits the black bear.
The black bear is severely wounded.
Something hits you but does no damage.
The black bear goes berserk!
The searing ray hits the black bear.
The black bear is almost dead.
You finish channelling your searing ray.
Something hits you. Something hits you!
You focus on the pain.
You feel very mighty all of a sudden. The black bear bites you!
The black bear claws you. The black bear barely misses you.
Casting: Searing Ray (safe; 2% risk of failure)
Confirm with . or Enter, or press ? or * to list all spells.
Aiming: Searing Ray (safe; 2% risk of failure)
Press: ? - help, Shift-Dir - straight line, f/p - black bear
Aim: a black bear (almost dead, berserk, 85% to hit)
The searing ray misses the black bear. (Press . to maintain the ray.)
Something barely misses you. x2; The black bear barely misses you. x2
The black bear claws you. Something hits you!
* * * LOW HITPOINT WARNING * * *
Okay, then.
As you read the scroll of summoning, it crumbles to dust.
Wisps of shadow whirl around you... Something hits you but does no damage.
The black bear bites you!
You die...

#..#. #..........#
#..#. #..........#
#.... ##..........#
#.... ...........$#
#.... #$.........#
#.... #...s...O..#
#.... #....h.....###
#.... #.....@.h.....
#..#.
######..#+#########..#.
#####..............#.
#............####.##.
#............# #.##.
#............# #.###
#............+ ##.#
#............#.##.#
#.................#


You could see a black bear (berserk, ally target), a friendly black bear
(summoned), a friendly ogre (summoned) and a friendly scorpion (summoned).

Vanquished Creatures
  An ogre (D:5)
  A phantom (D:5)
  A necrophage (D:3)
  2 scorpions (D:4)
  Jessica (D:3)
  An iguana (D:5)
  An orc wizard (D:3)
  3 adders
  3 gnolls (D:3)
  A worm (D:2)
  3 dart slugs (D:4)
  4 orcs
  2 ball pythons (D:1)
  2 bats
  6 endoplasms
  2 giant cockroaches
  9 hobgoblins
  5 jackals
  8 quokkas
  A frilled lizard (D:3)
  2 goblins
  5 kobolds
  4 rats
68 creatures vanquished.

Notes
Turn   | Place    | Note
-------+----------+-------------------------------------------
     0 | D:1      | croobank the Demonspawn Conjurer began the quest for the
                  | Orb.
     0 | D:1      | Reached XP level 1. HP: 13/13 MP: 3/3
   278 | D:1      | Gained mutation: You regenerate a little health from kills.
                  | [demonic ancestry]
   278 | D:1      | Reached XP level 2. HP: 20/20 MP: 0/5
   281 | D:1      | Learned a level 2 spell: Searing Ray
   819 | D:1      | Found a faded altar of an unknown god.
   924 | D:1      | Found Kexioqal's Weapon Emporium.
  1471 | D:2      | Noticed Sigmund
  1621 | D:2      | Gained mutation: You sometimes gain a little power by
                  | taking damage. [demonic ancestry]
  1621 | D:2      | Reached XP level 3. HP: 25/25 MP: 3/6
  1625 | D:2      | Learned a level 3 spell: Dazzling Flash
  1772 | D:2      | Reached skill level 1 in Fighting
  1913 | D:3      | Noticed a necrophage
  1932 | D:3      | HP: 1/21 [necrophage (3)]
  1936 | D:3      | Killed a necrophage
  1937 | D:3      | Gained mutation: You regenerate health from kills. [demonic
                  | ancestry]
  1937 | D:3      | Reached XP level 4. HP: 20/32 MP: 0/7
  2061 | D:3      | Noticed Jessica
  2066 | D:3      | Killed Jessica
  2067 | D:3      | Reached XP level 5. HP: 36/38 MP: 3/9
  3202 | D:4      | Gained mutation: You regenerate a lot of health from kills.
                  | [demonic ancestry]
  3202 | D:4      | Reached XP level 6. HP: 45/45 MP: 2/10
  3817 | D:5      | Entered Level 5 of the Dungeon
  3826 | D:5      | Reached skill level 5 in Conjurations
  4474 | D:5      | Reached XP level 7. HP: 26/52 MP: 0/12
  4648 | D:5      | Slain by a black bear

Illustrated notes

Levels and vault maps discovered:
D:1:      elethiomel_arrival_shortcut, layout_loops_corners,
          ebering_ecumenical_altar_webs, serial_shops,
          nicolae_shop_bloodbath_and_beyond, chequers_arboretum
D:2:      layout_rooms, uniq_sigmund
D:3:      layout_loops_cross, reono_crystal_passage, uniq_jessica
D:4:      layout_cave_pools
D:5:      layout_basic, lemuel_round_altar, hex_medium

Skill      XL: |  1  2  3  4  5  6 |
---------------+-------------------+-----
Stealth        | 2 3 |  3.6
Dodging        | 2 3 |  3.4
Fighting       | 1 2 3 |  3.0
Spellcasting   | 3 |  3.5
Conjurations   | 5 |  5.2

Action                   |  1- 3 |  4- 6 |  7- 9 || total
-------------------------+-------+-------+-------++-------
Melee: Spear             |    20 |    24 |     4 ||    48
       Punch             |       |       |     1 ||     1
Throw: Dart              |       |     1 |       ||     1
 Cast: Magic Dart        |    39 |    72 |     7 ||   118
       Searing Ray       |    13 |    14 |     2 ||    29
  Use: Scroll            |     3 |     9 |     2 ||    14
       Potion            |     2 |     2 |     1 ||     5
 Stab: Distracted        |       |     1 |       ||     1
Armor: Robe              |     6 |     8 |     2 ||    16
Dodge: Dodged            |    28 |    30 |     9 ||    67
